 Dungeon Crawl Stone Soup version 0.19-a0-1091-g463c9de (webtiles) character file.

392 Gorice the Gusty (level 6, 0/36 HPs)
             Began as a High Elf Air Elementalist on Aug 7, 2016.
             Killed from afar by CcS's ghost (16 damage)
             ... with a flame tongue
             ... on level 3 of the Dungeon.
             The game lasted 00:15:56 (2878 turns).

Gorice the Gusty (High Elf Air Elementalist)        Turns: 2878, Time: 00:15:57

Health: 0/36       AC: 12    Str:  7    XL:     6   Next: 51%
Magic:  2/12       EV: 13    Int: 21    God:
Gold:   274        SH:  0    Dex: 16    Spells: 4 memorised, 4 levels left

rFire  . . .     SeeInvis .     a - +1 short sword (protect)
rCold  . . .     Gourm    .     h - +0 robe
rNeg   . . .     Faith    .     (no shield)
rPois  .         Spirit   .     (no helmet)
rElec  .         Dismiss  .     e - +1 cloak
rCorr  .         Reflect  .     j - +1 pair of gloves
SustAt .         Harm     .     o - +0 pair of boots
MR     .....                    (no amulet)
Stlth  ++........               (no ring)
                                (no ring)

@: repel missiles
A: no striking features
a: no special abilities


You were on level 3 of the Dungeon.
You were hungry.

You visited 1 branch of the dungeon, and saw 4 of its levels.

You collected 274 gold pieces.

Inventory:

Hand Weapons
 a - a +1 short sword of protection (weapon)
   (You took it off a kobold on level 1 of the Dungeon)
 b - a +1 dagger of venom
   (You took it off a goblin on level 3 of the Dungeon)
Missiles
 i - 3 needles of sleeping
 Z - 120 stones (quivered)
Armour
 e - a +1 cloak (worn)
 h - a +0 robe (worn)
 j - a +1 pair of gloves (worn)
 o - a +0 pair of boots (worn)
Scrolls
 d - 3 scrolls of remove curse
 n - a scroll of recharging {unknown}
 u - a scroll of noise {unknown}
 v - 2 scrolls of identify
 w - a scroll of blinking {unknown}
Potions
 f - 3 potions of mutation {unknown}
 k - a potion of heal wounds {!q}
 m - 2 potions of agility {unknown}
 p - 3 potions of degeneration {unknown}
 q - a potion of lignification {unknown}
 r - a potion of might {unknown}
 t - a potion of ambrosia {unknown}
Books
 x - a book of Air
Comestibles
 c - 2 bread rations {!e}
 g - a chunk of flesh
 l - 3 fruits
 s - a meat ration {!e}


   Skills:
 - Level 2.1 Dodging
 - Level 2.1 Stealth
 + Level 3.8 Spellcasting
 * Level 4.7 Conjurations
 * Level 6.4 Air Magic


You had 4 spell levels left.
You knew the following spells:

 Your Spells              Type           Power        Failure   Level  Hunger
a - Shock                 Conj/Air       ####         1%          1    None
b - Static Discharge      Conj/Air       ####....     3%          3    ###....
M - Repel Missiles        Chrm/Air       ###...       6%          2    #......
S - Swiftness             Chrm/Air       ###.....     6%          2    #......


Dungeon Overview and Level Annotations

Branches:
Dungeon (4/15)
 Temple: D:4-7

Altars:

Annotations:
D:3 CcS's ghost, amateur OpFE
D:4 Gorice's ghost, amateur DsMo


Message History

Confirm with . or Enter, or press ? or * to list all spells.
Aiming: Shock
Press: ? - help, Shift-Dir - straight line The zap hits Robin.
You kill Robin!
The zap hits CcS's ghost.
CcS's ghost is almost destroyed.
CcS's ghost makes a sound of rattling chains.
Unknown command.
Casting: Shock
Confirm with . or Enter, or press ? or * to list all spells.
Aiming: Shock
Press: ? - help, Shift-Dir - straight line The zap hits CcS's ghost.
CcS's ghost is almost destroyed.
CcS's ghost stares at you and mumbles some strange words.
The flame tongue is repelled.
CcS's ghost keens inconsolably.
You see here a short sword.
CcS's ghost stares at you and mumbles some strange words.
The flame tongue misses you.
Casting: Shock
Confirm with . or Enter, or press ? or * to list all spells.
Aiming: Shock
Press: ? - help, Shift-Dir - straight line, f - CcS's ghost
Aim: CcS's ghost (almost destroyed)
The zap hits CcS's ghost.
CcS's ghost is almost destroyed.
You hit CcS's ghost but do no damage.
CcS's ghost is almost destroyed.
CcS's ghost hits you but does no damage.
You hit CcS's ghost.
CcS's ghost is almost destroyed.
CcS's ghost keens inconsolably.
CcS's ghost closely misses you.
Press: ? - help, v - describe, . - travel
Here: CcS's ghost (almost destroyed)
The floor.
Unknown command.
CcS's ghost casts a spell at you. The flame tongue hits you!
* * * LOW HITPOINT WARNING * * *
Damage: 15 (max 15) Unknown command.
CcS's ghost hits you.
* * * LOW HITPOINT WARNING * * *
Damage: 2 (max 15) CcS's ghost stares at you and mumbles some strange words.
The flame tongue hits you!
You die...

#.##..).....###)#...
#.###.#.###.###.##.#
...§≈85
#.###.#.##..........
...§§§§
#...#.#......##.##..
#.....≈≈
#...#.##..#####....#
†......≈
#...#.....##.....###
).......
#..##..#..#..##.##
..†.....
#..#........###.#
g)...... #..@..###..##
#.#
.#############W##...#...#
#.#
)).))...)......#......#.#
#.#
################.#.#.##.#
#.# ...#.#.##<# #.#
##..#.###### ######
#.##.# #... #. #.# ####
#. #.# ####


You could see CcS's ghost.

Vanquished Creatures
  Sigmund (D:3)
  Terence (D:3)
  Natasha (thrice) (D:3)
  Robin (D:3)
  An adder (D:2)
  An ooze (D:4)
  5 worms
  5 dart slugs
  2 giant geckos
  An orc (D:3)
  10 bats
  2 giant cockroaches (D:2)
  15 goblins
  15 hobgoblins
  4 jackals
  3 ball pythons
  2 giant newts
  6 kobolds
  8 rats
  A fungus (D:3)
87 creatures vanquished.

Vanquished Creatures (others)
  A giant newt (D:3)
1 creature vanquished.

Grand Total: 88 creatures vanquished

Notes
Turn   | Place    | Note
-------+----------+-------------------------------------------
     0 | D:1      | Gorice the High Elf Air Elementalist began the quest for the Orb.
     0 | D:1      | Reached XP level 1. HP: 11/11 MP: 4/4
   231 | D:1      | Reached XP level 2. HP: 17/17 MP: 2/6
   312 | D:1      | Reached skill level 4 in Air Magic
   679 | D:1      | Reached skill level 2 in Conjurations
   923 | D:1      | Reached XP level 3. HP: 21/21 MP: 3/7
   989 | D:1      | Learned a level 2 spell: Repel Missiles
   993 | D:1      | Learned a level 2 spell: Swiftness
  1713 | D:2      | Reached XP level 4. HP: 27/27 MP: 5/9
  1858 | D:2      | Reached skill level 5 in Air Magic
  2049 | D:3      | Learned a level 3 spell: Static Discharge
  2090 | D:3      | Reached skill level 3 in Conjurations
  2110 | D:3      | You fall through a shaft!
  2120 | D:4      | Noticed Gorice's ghost (amateur DsMo)
  2164 | D:3      | Noticed Sigmund
  2267 | D:3      | Killed Sigmund
  2267 | D:3      | Reached skill level 3 in Spellcasting
  2267 | D:3      | Reached skill level 4 in Conjurations
  2267 | D:3      | Reached skill level 6 in Air Magic
  2267 | D:3      | Reached XP level 5. HP: 30/31 MP: 1/11
  2328 | D:3      | Noticed Terence
  2345 | D:3      | Killed Terence
  2345 | D:3      | Reached XP level 6. HP: 31/36 MP: 1/12
  2489 | D:3      | Found a faded altar of an unknown god.
  2637 | D:3      | Noticed Natasha
  2660 | D:3      | Killed Natasha
  2704 | D:3      | Noticed Natasha
  2708 | D:3      | Killed Natasha
  2721 | D:3      | Noticed Natasha
  2724 | D:3      | Killed Natasha
  2842 | D:3      | Noticed Robin
  2845 | D:3      | Noticed CcS's ghost (amateur OpFE)
  2861 | D:3      | Killed Robin
  2878 | D:3      | Killed from afar by CcS's ghost

Vault maps used:
D:1:      tarquinn_simple_flora_water_b, serial_park_tiny_2
D:2:      minmay_close_crescents
D:3:      demons_altar, ecumenical_altar_2, minmay_gold_behind_fungi,
          grunt_ministairs_11, uniq_robin, uniq_sigmund, uniq_terence,
          uniq_natasha
D:4:      first_bread, uniq_edmund, uniq_menkaure

Skill      XL: |  1  2  3  4 |
---------------+-------------+-----
Air Magic      | 4 6 |  6.4
Conjurations   | 2 4 |  4.7
Spellcasting   | 3 |  3.8
Dodging        | |  2.1
Stealth        | |  2.1

Action                   |  1- 3 |  4- 6 || total
-------------------------+-------+-------++-------
Melee: Short sword       |    18 |    36 ||    54
Throw: Stone             |     2 |       ||     2
 Cast: Shock             |    83 |    76 ||   159
       Repel Missiles    |     1 |       ||     1
       Static Discharge  |       |     6 ||     6
  Use: Scroll            |     2 |     3 ||     5
 Stab: Sleeping          |       |     1 ||     1
  Eat: Chunk             |     3 |     3 ||     6
Armor: Robe              |     3 |    12 ||    15
Dodge: Dodged            |    14 |    34 ||    48
       Deflected         |       |     2 ||     2

Table legend:
 A = Turns spent in this place as a percentage of turns spent in the entire game.
 B = Non-inter-level travel turns spent in this place as a percentage of non-inter-level travel turns spent in the entire game.
 C = Inter-level travel turns spent in this place as a percentage of turns spent in this place.
 D = Turns resting spent in this place as a percentage of non-inter-level travel turns spent in this place.
 E = Turns spent auto-exploring this place as a percentage of non-inter-level travel turns spent in this place.
 F = Non-inter-level travel turns spent in this place divided by the number of levels of this place that you've seen.
                   A       B       C       D       E      F
               +-------+-------+-------+-------+-------+----------------------
         Total | 100.0 | 100.0 |   0.3 |   3.5 |   6.8 | 249.0
       Dungeon | 100.0 | 100.0 |   0.3 |   3.5 |   6.8 | 249.0
               +-------+-------+-------+-------+-------+----------------------

Vault maps used:
D:1:      tarquinn_simple_flora_water_b, serial_park_tiny_2
D:2:      minmay_close_crescents
D:3:      demons_altar, ecumenical_altar_2, minmay_gold_behind_fungi,
          grunt_ministairs_11, uniq_robin, uniq_sigmund, uniq_terence,
          uniq_natasha
D:4:      first_bread, uniq_edmund, uniq_menkaure
